 Dungeon Crawl Stone Soup version 0.29-a0-620-g13ace881f2 (webtiles) character file.

Game seed: 16373958977779401433

2534 Meatmasher the Cudgeller (level 9, -9/56 (72) HPs)
             Began as a Palentonga Berserker on June 18, 2022.
             Was an Elder of Trog.
             Killed from afar by Dowan (20 damage)
             ... with a shard of ice
             ... on level 7 of the Dungeon.
             The game lasted 00:42:05 (7237 turns).

Meatmasher the Cudgeller (Palentonga Berserker)     Turns: 7237, Time: 00:42:06

HP:   -9/56 (72)    AC: 14    Str: 30    XL:     9   Next: 30%
MP:   9/9           EV: 10    Int:  3    God:    Trog [****..]
Gold: 288           SH:  0    Dex: 10    Spells: 8/8 levels left

rFire   + + .      SeeInvis +   K - +7 hand axe of the Growing Wolf {vorpal, rF++ Int-5}
rCold   . . .      Faith    .   (no shield)
rNeg    . . .      Spirit   .   T - +0 acid dragon scales
rPois   .          Reflect  .   (no helmet)
rElec   .          Harm     .   (no cloak)
rCorr   +          Rampage  .   (no gloves)
Will    .....                   (no barding)
Stlth   +.........              (no amulet)
HPRegen 0.18/turn               P - +6 ring of strength
MPRegen 0.11/turn               (no ring)

@: on berserk cooldown, slowed, heavily drained, curled up, very slow
A: large, rugged brown scales 3, see invisible, deformed body, roll 1, armoured
tail, reflexive curl
a: Rolling Charge, Renounce Religion, Berserk, Trog's Hand, Brothers in Arms


You were on level 7 of the Dungeon.
You worshipped Trog.
Trog was greatly pleased with you.
You visited 1 branch of the dungeon, and saw 7 of its levels.

You collected 288 gold pieces.

Inventory:

Hand Weapons
 a - a +0 mace of freezing
 q - a +4 short sword of holy wrath
 v - a +2 whip of venom
 B - a +2 hand axe of flaming
 C - a +1 vorpal mace
 G - a +0 hunting sling
 I - a +0 giant club
 K - the +7 hand axe of the Growing Wolf (weapon) {vorpal, rF++ Int-5}
   (You found it on level 5 of the Dungeon)

   It inflicts extra damage upon your enemies.
   Int:       It affects your intelligence (-5).
   rF:        It greatly protects you from fire.
 M - a +0 short sword of freezing
 N - a +1 vampiric dagger
 O - a +0 vorpal morningstar
 Q - the +4 mace of Janupn {antimagic, rN+ Int+2 Dex+3}
   (You found it on level 6 of the Dungeon)

   It reduces the magical energy of the wielder, and disrupts the spells and
   magical abilities of those it strikes.
   Natural abilities and divine invocations are not affected.
   Int:       It affects your intelligence (+2).
   Dex:       It affects your dexterity (+3).
   rN:        It protects you from negative energy.
 S - a +1 glaive of venom
Missiles
 e - 298 stones
 h - 11 boomerangs
 l - 20 poisoned darts
 D - a throwing net
Armour
 b - a +0 animal skin
 m - a +0 ring mail
 n - a +0 scale mail
 x - a +0 scale mail
 A - a +2 hat
 T - +0 acid dragon scales (worn)
Jewellery
 y - an amulet of magic regeneration
 P - a +6 ring of strength (left hand)
 R - a ring of willpower
Wands
 c - a wand of polymorph (6)
Scrolls
 f - a scroll of amnesia {unknown}
 g - 2 scrolls of teleportation {unknown}
 k - a scroll of fear {unknown}
 t - 7 scrolls of identify {unknown}
 u - 3 scrolls of blinking {unknown}
 w - 2 scrolls of enchant armour {unknown}
 E - 2 scrolls of enchant weapon {unknown}
 F - a scroll of immolation {unknown}
 H - a scroll of vulnerability {unknown}
 L - a scroll of summoning {unknown}
 U - a scroll of magic mapping
Potions
 d - 2 potions of heal wounds {unknown}
 i - 4 potions of curing
 j - a potion of cancellation {unknown}
 o - a potion of lignification {unknown}
 p - 2 potions of flight {unknown}
 r - 3 potions of brilliance {unknown}
 s - 3 potions of magic {unknown}
 z - a potion of haste {unknown}
 J - 2 potions of might {unknown}


   Skills:
 + Level 5.3 Fighting
 - Level 0.8 Short Blades
 * Level 5.5(7.4) Axes
 * Level 7.7(8.5) Maces & Flails
 * Level 5.6 Armour
 + Level 3.3 Dodging
 - Level 0.1 Stealth


You had 8 spell levels left.
You didn't know any spells.
Your spell library contained the following spells:

 Spells                   Type           Power      Damage    Failure   Level
 Sublimation of Blood     Necr           0%         N/A       71%         2
 Wereblood                Tmut           0%         N/A       71%         2
 Summon Hydra             Summ           0%         N/A       100%        7


Dungeon Overview and Level Annotations

Branches:
Dungeon (7/15)             Temple (0/1) D:4

Altars:
Dithmenos
Fedhas
Wu Jian
Yredelemnul

Shops:
D:3 *   D:5 *

Annotations:
D:7 Dowan


Innate Abilities, Weirdness & Mutations

You are completely covered in rugged brown scales. (AC +3, +7% HP)
You have supernaturally acute eyesight. (SInv)
Armour fits poorly on your strangely shaped body.
You can roll at nearby foes to attack.
You have a long armoured tail.
You curl defensively after being hit. (AC +7*)


Message History

You feel drained.
You barely miss Duvessa.
Duvessa is severely wounded.
You hit Dowan.
Duvessa hits you with a +0 rapier of draining.
You feel drained.
Dowan mumbles some strange words.
Dowan blinks!
Duvessa hits you with a +0 rapier of draining.
You feel drained. The white imp puffs mist at you.
The white imp hits you but does no damage.
You hit Duvessa.
Duvessa is severely wounded.
You barely miss the white imp.
Duvessa hits you with a +0 rapier of draining.
You feel drained. Duvessa closely misses you. The white imp gestures at you.
The puff of frost hits you!
You closely miss Duvessa. You tail-slap Duvessa.
Duvessa is severely wounded.
You barely miss the white imp. Duvessa closely misses you. x2
The white imp hits you. The white imp freezes you.
Duvessa hits you but does no damage.
You feel drained. The white imp gestures at you. The puff of frost hits you!
* * * LOW HITPOINT WARNING * * *
Duvessa hits you with a +0 rapier of draining.
* * * LOW HITPOINT WARNING * * *
You feel drained.
* * * LOW HITPOINT WARNING * * *
You slash Duvessa!
You kill Duvessa!
Trog accepts your kill.
Dowan's eyes darken. "You have made a black mistake."
Dowan seems to find hidden reserves of power!
Dowan says, "Her death will not be in vain!"
Dowan gestures at you while chanting. The shard of ice hits you!!
You die...

#!......# ...
#.......##.:
#.......#..## .
#.....>.....#..
#......#.......
#......#.......
#......#)e.....
#.....@)5...#
#####.###..##
#.# .... #<#
.... #.# ...
#.# .. #.# #
#.# #.#


You could see Dowan (fast) and a white imp.

Vanquished Creatures
  Maggie (D:6)
  Sigmund (D:4)
  A wyvern (D:4)
  Duvessa (D:7)
  An ice beast (D:4)
  A sky beast (D:7)
  4 ogres
  4 phantoms
  A bullfrog (D:7)
  2 necrophages
  A scorpion (D:6)
  A water moccasin zombie (D:6)
  A water moccasin skeleton (D:6)
  2 centaur zombies (D:6)
  A howler monkey (D:5)
  A bullfrog zombie (D:6)
  3 hounds
  A gnoll shaman (D:7)
  2 orc priests
  2 iguanas
  Jessica (D:2)
  Terence (D:3)
  2 orc wizards
  A howler monkey zombie (D:6)
  13 gnolls
  7 adders
  A white imp (D:6)
  An ufetubus (D:3)
  2 worms (D:2)
  A dart slug (D:3)
  21 orcs
  4 bats
  4 endoplasms
  A giant cockroach (D:1)
  5 goblins
  8 hobgoblins
  2 jackals (D:3)
  4 quokkas
  5 ball pythons
  2 frilled lizards
  8 kobolds
  5 rats
131 creatures vanquished.

Vanquished Creatures (others)
  6 withered plants (D:6)
6 creatures vanquished.

Grand Total: 137 creatures vanquished

Notes
Turn   | Place    | Note
-------+----------+-------------------------------------------
     0 | D:1      | Meatmasher the Palentonga Berserker began the quest for the
                  | Orb.
     0 | D:1      | Reached XP level 1. HP: 19/19 MP: 1/1
   289 | D:1      | Reached XP level 2. HP: 25/25 MP: 2/2
   352 | D:1      | Found a faded altar of an unknown god.
  1285 | D:2      | Reached XP level 3. HP: 31/31 MP: 3/3
  1508 | D:2      | Reached ** piety under Trog
  1544 | D:2      | Noticed Jessica
  1547 | D:2      | Killed Jessica
  1548 | D:2      | Reached XP level 4. HP: 38/38 MP: 4/4
  2166 | D:3      | Noticed Terence
  2179 | D:3      | Reached skill level 4 in Maces & Flails
  2187 | D:3      | Killed Terence
  2244 | D:3      | Found Vayte's General Store.
  2337 | D:3      | Reached XP level 5. HP: 33/44 MP: 5/5
  2694 | D:4      | Noticed an ice beast
  2708 | D:4      | HP: 1/44 [ice beast (8)]
  2709 | D:4      | Killed an ice beast
  2710 | D:4      | Reached XP level 6. HP: 2/51 MP: 6/6
  3072 | D:4      | Reached skill level 5 in Maces & Flails
  3376 | D:4      | Noticed Sigmund
  3411 | D:4      | Reached *** piety under Trog
  3430 | D:4      | Killed Sigmund
  3431 | D:4      | Gained mutation: You curl defensively after being hit. (AC
                  | +7*) [Palentonga growth]
  3431 | D:4      | Reached XP level 7. HP: 30/57 MP: 7/7
  3643 | D:4      | Found a blossoming altar of Fedhas.
  3789 | D:4      | Found a staircase to the Ecumenical Temple.
  4027 | D:4      | Reached skill level 6 in Maces & Flails
  4139 | D:4      | Noticed a wyvern
  4149 | D:4      | Killed a wyvern
  4687 | D:5      | Entered Level 5 of the Dungeon
  4902 | D:5      | Reached XP level 8. HP: 65/65 MP: 8/8
  4903 | D:5      | Found a shadowy altar of Dithmenos.
  5198 | D:5      | Identified the +7 hand axe of the Growing Wolf {vorpal,
                  | rF++ Int-5}
  5272 | D:5      | Reached skill level 7 in Maces & Flails
  5554 | D:5      | Found Whoecog's Whimsical Warehouse.
  5611 | D:5      | Found an ornate altar of the Wu Jian Council.
  5620 | D:5      | Reached skill level 1 in Axes
  5823 | D:5      | Found a basalt altar of Yredelemnul.
  5850 | D:6      | Reached skill level 5 in Armour
  5864 | D:6      | Reached skill level 5 in Fighting
  5871 | D:6      | Reached **** piety under Trog
  6050 | D:6      | Identified the +4 mace of Janupn {antimagic, rN+ Int+2
                  | Dex+3}
  6080 | D:6      | Noticed Maggie
  6092 | D:6      | Killed Maggie
  6093 | D:6      | Reached XP level 9. HP: 21/72 MP: 9/9
  7050 | D:6      | Reached skill level 5 in Axes
  7218 | D:7      | Noticed Duvessa
  7222 | D:7      | Noticed Dowan
  7237 | D:7      | Killed Duvessa
  7237 | D:7      | Killed from afar by Dowan

Illustrated notes

Levels and vault maps discovered:
D:1:      co_arrival_random_square_maze, layout_basic,
          shapermc_ecumenical_altar_starsandcircs
D:2:      layout_basic, uniq_jessica
D:3:      layout_rooms, serial_shops, nicolae_shop_advertising_works
          [nicolae_subvault_shop_adworks], uniq_terence
D:4:      layout_loops_corners, lemuel_crystal_altar,
          minmay_temple_entry_junction, uniq_sigmund
D:5:      nicolae_BIG_FREAKIN_CUBE, layout_gridville,
          nicolae_dithmenos_shadow_blocks, nicolae_overflow_crystal_walls,
          mainiacjoe_overflow_alcove_2, nicolae_alphabet_shops
D:6:      layout_basic, serial_undead, serial_undead_a, serial_undead_f,
          serial_undead_c, serial_undead_e, uniq_maggie
D:7:      nicolae_cairo_tiling_large_dashed, layout_rooms, uniq_pikel,
          uniq_duvessa

Skill      XL: |  1  2  3  4  5  6  7  8  9 |
---------------+----------------------------+-----
Dodging        | 2 3 |  3.3
Armour         | 2 3 4 5 |  5.6
Maces & Flails | 4 5 6 7 |  7.7
Fighting       | 4 5 |  5.3
Axes           | 4 5 |  5.5
Short Blades   | |  0.8
Stealth        | |  0.1

Action                   |  1- 3 |  4- 6 |  7- 9 || total
-------------------------+-------+-------+-------++-------
Melee: Mace              |    76 |     3 |       ||    79
       Tailslap          |    11 |    14 |    27 ||    52
       Whip              |       |    93 |    95 ||   188
       Punch             |       |     3 |     3 ||     6
       Short sword       |       |    17 |       ||    17
       Hand axe          |       |       |   116 ||   116
Invok: Berserk           |       |       |     3 ||     3
 Abil: Rolling Charge    |    12 |     5 |    28 ||    45
  Use: Scroll            |       |     2 |       ||     2
Armor: Animal skin       |    10 |       |       ||    10
       Ring mail         |    18 |    50 |    39 ||   107
       Skin              |       |     9 |       ||     9
       Acid dragon scale |       |       |    15 ||    15
Dodge: Dodged            |    42 |    72 |    87 ||   201

Table legend: (Time is in decaauts)
 A = Elapsed time spent in this place.
 B = Non-inter-level travel time spent in this place.
 C = Inter-level travel time spent in this place.
 D = Time resting spent in this place.
 E = Time spent auto-exploring this place.
 F = Levels seen in this place.
 G = Mean time per level.
                   A        B        C        D        E       F      G
               +--------+--------+--------+--------+--------+-----+--------+
         Total |   7242 |   4258 |   2984 |   2002 |   1384 |   7 | 1034.6 |
       Dungeon |   7242 |   4258 |   2984 |   2002 |   1384 |   7 | 1034.6 |
               +--------+--------+--------+--------+--------+-----+--------+

Top non-repeatable levels by time:
     D:4: 1985 daAuts
     D:6: 1371 daAuts
     D:1: 1292 daAuts
     D:5: 1165 daAuts
     D:2: 819 daAuts
     D:3: 585 daAuts
     D:7: 24 daAuts
